 Dungeon Crawl Stone Soup version 0.26.1-2-gb8aa6d0cf2 (webtiles) character file.

Game seed: 4825636240755974114

106 Gadfly the Skirmisher (level 4, -10/48 HPs)
             Began as an Ogre Monk on Feb 11, 2021.
             Mangled by Crazy Yiuf
             ... wielding a +4 quarterstaff of chaos
              (12 damage)
             ... on level 2 of the Dungeon.
             The game lasted 00:02:48 (3007 turns).

Gadfly the Skirmisher (Ogre Monk)                   Turns: 3007, Time: 00:02:49

Health: -10/48     AC:  3    Str: 16    XL:     4   Next: 84%
Magic:  5/5        EV: 10    Int: 11    God:
Gold:   76         SH:  0    Dex: 11    Spells: 3/3 levels left

rFire    . . .     SeeInvis .   a - +1 whip (elec)
rCold    . . .     Faith    .   (no shield)
rNeg     . . .     Spirit   .   h - +0 robe
rPois    .         Reflect  .   (helmet restricted)
rElec    .         Harm     .   (no cloak)
rCorr    .         Rampage  .   (gloves unavailable)
Will     .....                  (boots unavailable)
Stlth    ++........             (no amulet)
HPRegen  0.16/turn              (no ring)
MPRegen  0.09/turn              (no ring)

@: no status effects
A: large, unfitting armour, tough skin 1
a: no special abilities


You were on level 2 of the Dungeon.
You visited 1 branch of the dungeon, and saw 2 of its levels.

You collected 76 gold pieces.

Inventory:

Hand Weapons
 a - a +1 whip of electrocution (weapon)
 b - a +2 vorpal mace
Missiles
 d - 67 stones (quivered)
Armour
 h - a +0 robe (worn)
Jewellery
 f - an uncursed amulet of the acrobat
Scrolls
 e - a scroll of fog
 g - a scroll of identify
 i - a scroll of magic mapping {unknown}
Potions
 c - a potion of curing {unknown}


   Skills:
 - Level 4.0 Fighting
 + Level 3.0 Maces & Flails
 * Level 1.7 Throwing
 * Level 1.4 Armour
 - Level 2.6 Dodging
 - Level 1.4 Stealth
 * Level 2.1 Invocations
 * Level 1.3 Evocations


You had 3 spell levels left.
You didn't know any spells.
Your spell library was empty.

Dungeon Overview and Level Annotations

Branches:
Dungeon (2/15)

Altars:
Trog

Annotations:
D:2 Crazy Yiuf


Innate Abilities, Weirdness & Mutations

You are too large for most types of armour.
You have tough skin. (AC +1)


Message History

Crazy Yiuf hits you with a +4 quarterstaff of chaos!
You hit Crazy Yiuf.
Crazy Yiuf is heavily wounded.
Crazy Yiuf hits you with a +4 quarterstaff of chaos.
Crazy Yiuf burns you.
You barely miss Crazy Yiuf.
Crazy Yiuf is heavily wounded.
Crazy Yiuf hits you with a +4 quarterstaff of chaos.
You are electrocuted!
* * * LOW HITPOINT WARNING * * *
You closely miss Crazy Yiuf.
Crazy Yiuf is heavily wounded.
Crazy Yiuf hits you with a +4 quarterstaff of chaos.
* * * LOW HITPOINT WARNING * * *
Crazy Yiuf burns you.
* * * LOW HITPOINT WARNING * * *
You whack Crazy Yiuf!
Crazy Yiuf is almost dead.
Crazy Yiuf hits you with a +4 quarterstaff of chaos!
You die...

#.#......##...
#........###♣.
###......# ♣. ####...#
♣♣ #...# ♣ ##'## # ###
#####.# # #)..###
##.').)######
#...g@####)...........
#...##..#..)...#######
### ###.#.)+.##
########


You could see Crazy Yiuf.

Vanquished Creatures
  4 gnolls (D:2)
  An ooze (D:2)
  A worm (D:2)
  2 dart slugs (D:1)
  3 giant cockroaches
  10 goblins
  10 hobgoblins
  2 jackals (D:2)
  6 kobolds
  A ball python (D:2)
  6 bats
  4 frilled lizards
  4 rats
54 creatures vanquished.

Vanquished Creatures (others)
  9 plants (D:2)
9 creatures vanquished.

Grand Total: 63 creatures vanquished

Notes
Turn   | Place    | Note
-------+----------+-------------------------------------------
     0 | D:1      | Gadfly the Ogre Monk began the quest for the Orb.
     0 | D:1      | Reached XP level 1. HP: 24/24 MP: 1/1
   250 | D:1      | Reached XP level 2. HP: 28/32 MP: 2/2
   439 | D:1      | Reached skill level 1 in Invocations
   738 | D:1      | Reached skill level 1 in Throwing
   738 | D:1      | Reached XP level 3. HP: 38/39 MP: 3/3
  1745 | D:2      | Found a runed translucent door.
  1746 | D:2      | Noticed Crazy Yiuf
  1805 | D:2      | Reached skill level 1 in Armour
  1880 | D:2      | Reached skill level 1 in Evocations
  1883 | D:2      | Reached XP level 4. HP: 42/48 MP: 5/5
  2477 | D:2      | Found a bloodstained altar of Trog.
  3006 | D:2      | HP: 2/48 [Crazy Yiuf/+4 quarterstaff of chaos (3)]
  3007 | D:2      | Mangled by Crazy Yiuf

Illustrated notes

Levels and vault maps discovered:
D:1:      minmay_arrival_plants_in_alcoves, layout_loops_corners, st_stairs_6
D:2:      layout_basic, lemuel_crystal_altar, serial_forest,
          infiniplex_forest_pool, infiniplex_forest_zigzag_2,
          infiniplex_forest_lined_2, infiniplex_forest_lined_corner,
          infiniplex_forest_lined_3, infiniplex_forest_straight_3,
          infiniplex_forest_clump_double, infiniplex_forest_end_2,
          uniq_crazy_yiuf_cottage

Skill      XL: |  1  2  3  4 |
---------------+-------------+-----
Invocations    | 1 2 |  2.1
Throwing       | 1 |  1.7
Armour         | 1 |  1.4
Evocations     | 1 |  1.3
Maces & Flails | 3 |  3.0
Fighting       | |  4.0
Dodging        | |  2.6
Stealth        | |  1.4

Action                   |  1- 3 |  4- 6 || total
-------------------------+-------+-------++-------
Melee: Mace              |   110 |     5 ||   115
       Whip              |       |    55 ||    55
Throw: Stone             |     2 |       ||     2
  Use: Scroll            |     1 |       ||     1
 Stab: Sleeping          |     4 |       ||     4
       Distracted        |       |     1 ||     1
Armor: Robe              |    32 |     9 ||    41
Dodge: Dodged            |    69 |    23 ||    92
